 Dungeon Crawl Stone Soup version 0.31-a0-702-gf82c85558f (webtiles) character file.

Game seed: 7900787889753058083

46 qw the Shooter (level 3, -6/22 HPs)
             Began as a Gargoyle Hunter on Sept 8, 2023.
             Mangled by an orc priest
             ... wielding a +0 war axe
              (8 damage)
             ... on level 2 of the Dungeon.
             The game lasted 00:00:27 (776 turns).

qw the Shooter (Gargoyle Hunter)                     Turns: 776, Time: 00:00:28

Health: -6/22      AC:  6    Str: 14    XL:     3   Next: 66%
Magic:  3/3        EV: 11    Int:  9    God:
Gold:   66         SH:  0    Dex: 15    Spells: 2/2 levels left

rFire   . . .        Y - +0 shortbow
rCold   . . .        (shield currently unavailable)
rNeg    + . .        c - +0 leather armour
rPois   inf          (no helmet)
rElec   +            (no cloak)
rCorr   +            (no gloves)
SInv    .            (no boots)
Will    .....        (no amulet)
Stlth   ++           h - ring of resist corrosion
HPRegen 0.23/turn    (no ring)
MPRegen 0.08/turn

%: no passive effects
@: no status effects
A: sickness immunity, AC +3, negative energy resistance 1, electricity
resistance, torment resistance 1, petrification resistance
a: no special abilities


You were on level 2 of the Dungeon.
You visited 1 branch of the dungeon, and saw 2 of its levels.

You collected 66 gold pieces.


Innate Abilities, Weirdness & Mutations

You are immune to sickness and miasma.
Your stone body is resilient. (AC +3)
You are immune to poison.
You resist negative energy. (rN+)
You are resistant to electric shocks. (rElec)
You are resistant to unholy torment.
You are immune to petrification.


   Skills:
 + Level 2.8 Fighting
 - Level 5.0 Ranged Weapons
 - Level 1.5 Dodging
 - Level 1.1 Stealth


You had 2 spell levels left.
You didn't know any spells.
Your spell library was empty.

Inventory:

Hand Weapons
 Y - a +0 shortbow (weapon)
Armour
 c - a +0 leather armour (worn)
Jewellery
 h - a ring of resist corrosion (left hand)
Potions
 a - a potion of enlightenment {unknown}
 d - a potion of heal wounds {unknown}
 g - a potion of lignification {unknown}

Dungeon Overview and Level Annotations

Branches:
Dungeon (2/15)

Altars:


Message History

The orc priest is lightly wounded.
The orc priest mumbles some strange prayers to Beogh against you.
Beogh smites you!
Ouch! That really hurt!
686 ||| STAIRDANCE You climb upwards.
There is a stone staircase leading down here.
You start resting.
HP restored.
Done exploring.
What level of the Dungeon? (default 2, ? - help)
You climb downwards.
There is a stone staircase leading up here.
An orc priest is nearby!
You shoot an arrow. The arrow hits the orc priest.
The orc priest is moderately wounded.
The orc priest calls down the wrath of Beogh upon you.
Pain shoots through your body!
The orc priest invokes the aid of Beogh against you.
Pain shoots through your body!
741 ||| STAIRDANCE You climb upwards.
There is a stone staircase leading down here.
You start resting.
HP restored.
Done exploring.
What level of the Dungeon? (default 2, ? - help)
You climb downwards.
There is a stone staircase leading up here.
An orc priest is nearby!
You shoot an arrow. The arrow barely misses the orc priest.
You shoot an arrow. The arrow hits the orc priest!
The orc priest is severely wounded.
The orc priest mumbles some strange prayers to Beogh against you.
Beogh smites you!
Ouch! That really hurt!
The orc priest hits you with a +0 war axe!
You shoot an arrow. The arrow barely misses the orc priest.
The orc priest hits you with a +0 war axe!
You die...

o.).....# #.# #[# ##.##
#...# ##......
###...### ##......#
#####.......#
........##
#.....o.....#
.........#
#.###@......# ........#
#.# #.#...### #....%.#
#.# #.#...#
#...#.####.###.#####
#..........##.#
##.#.####.###.# #.#.#
### #.#
#.#.########.######
.####.................#


You could see an orc priest.

Vanquished Creatures
  A dart slug (D:1)
  2 orcs (D:2)
  4 endoplasms (D:1)
  3 goblins (D:1)
  5 hobgoblins
  2 jackals (D:1)
  5 kobolds (D:1)
  A quokka (D:1)
  4 ball pythons
  4 bats (D:1)
  A frilled lizard (D:2)
  7 rats (D:1)
39 creatures vanquished.

Notes
Turn   | Place    | Note
-------+----------+-------------------------------------------
     0 | D:1      | qw the Gargoyle Hunter began the quest for the Orb.
     0 | D:1      | Reached XP level 1. HP: 12/12 MP: 1/1
     0 | D:1      | 0 ||| qw: Version: 0.3-a-76-g4403597
     0 | D:1      | 0 ||| qw: Game counter: 1268
     0 | D:1      | 0 ||| qw: Melee chars always use a shield: true
     0 | D:1      | 0 ||| qw: God list: Okawaru
     0 | D:1      | 0 ||| qw: Allow faded altars: false
     0 | D:1      | 0 ||| qw: Do Orc after clearing Dungeon:15 true
     0 | D:1      | 0 ||| qw: Do second Lair branch before Depths: true
     0 | D:1      | 0 ||| qw: Lair rune preference: random
     0 | D:1      | 0 ||| qw: Goals: Normal
     0 | D:1      | 0 ||| PLANNING D:1-11
    98 | D:1      | Reached XP level 2. HP: 17/17 MP: 2/2
   186 | D:1      | Reached XP level 3. HP: 21/21 MP: 3/3
   193 | D:1      | Reached skill level 5 in Ranged Weapons
   471 | D:1      | 471 ||| UPGRADING to ring of resist corrosion.
   472 | D:1      | 472 ||| READING scroll labelled ESEIVE ECSEAS.
   473 | D:1      | 473 ||| DRINKING 2 lumpy dark potions.
   480 | D:1      | 480 ||| DROPPING scroll of butterflies.
   481 | D:1      | 481 ||| DROPPING potion of ambrosia.
   597 | D:2      | 597 ||| FLEEEEING.
   604 | D:2      | 604 ||| STAIRDANCE
   662 | D:1      | 662 ||| READING scroll labelled NYAMEDD COTUM.
   686 | D:2      | 686 ||| STAIRDANCE
   741 | D:2      | 741 ||| STAIRDANCE
   775 | D:2      | HP: 2/22 [orc priest/+0 war axe (7)]
   776 | D:2      | Mangled by an orc priest

Levels and vault maps discovered:
D:1:      dpeg_arrival_arbitrary_b, layout_rooms, serial_glass, glass_columns_c,
          glass_columns_a, minmay_tripent
D:2:      layout_loops_ring

Skill      XL: |  1  2  3 |
---------------+----------+-----
Ranged Weapons | 5 |  5.0
Fighting       | |  2.8
Dodging        | |  1.5
Stealth        | |  1.1

Action                     || total
---------------------------++-------
   Fire: Shortbow          ||   104
    Use: Scroll            ||     2
         Potion            ||     1
 Armour: Leather armour    ||    21
  Dodge: Dodged            ||    17

Table legend:
 A = Non-vault XP
 B = Vault XP
 C = Vault XP percentage of total XP
 D = Non-vault monster count
 E = Vault monster count
 F = Vault count percentage of total count
                 A         B        C        D         E       F
            +---------+---------+-------+---------+---------+-------
      Total |      63 |       3 |   4.5 |      37 |       2 |   5.1
            +---------+---------+-------+---------+---------+-------
        D:1 |      52 |       3 |   5.5 |      32 |       2 |   5.9
        D:2 |      11 |       0 |   0.0 |       5 |       0 |   0.0
            +---------+---------+-------+---------+---------+-------
